General information
- name: BNet
- type: Ladder 1vs1/FFA
- host: Battle.net
- saver: deadbabies.biz
map: LostTemple
- players: 2
- length: 93:13
- speed: Fast
- version: 1.26 W3XP
- replay type: Public
» download(220 KB)
Players
team 1 (winner)
deadbabies.biz (
teal | 47 APM | 4407 actions | 93:13)
8 Archmage
3 Blizzard
3 Brilliance Aura
1 Mass Teleport
1 Summon Water Elemental
7 Blood Mage
3 Flame Strike
3 Siphon Mana
1 Summon Phoenix
4 Paladin
2 Holy Light
2 Divine Shield
» actions
| Assign group hotkey | 71 | |
| Basic commands | 245 | |
| Build / train | 225 | |
| ESC pressed | 8 | |
| Enter build submenu | 96 | |
| Enter hero's abilities submenu | 19 | |
| Give item / drop item | 20 | |
| Right click | 1184 | |
| Select / deselect | 1324 | |
| Select group hotkey | 403 | |
| Use ability | 812 | |
4407 total
» units
| Peasant | 24 | |
| Goblin Shredder | 4 | |
| Goblin Zeppelin | 4 | |
| Dragonhawk Rider | 9 | |
| Sorceress | 1 | |
| Gryphon Rider | 2 | |
| Goblin Sapper | 2 | |
| Flying Machine | 1 | |
| Siege Engine | 5 | |
| Mortar Team | 4 | |
56 total
» upgrades
| Masonry | 3 | |
| Swords | 3 | |
| Magic Sentry | 1 | |
| Sorceress Training | 3 | |
| Armor | 3 | |
| Cloud | 1 | |
| Animal War Training | 1 | |
| Gunpowder | 3 | |
| Priest Training | 2 | |
| Barrage | 1 | |
| Plating | 2 | |
| Lumber Harvesting | 1 | |
| Flak Cannons | 1 | |
| Storm Hammers | 1 | |
| Fragmentation Shards | 1 | |
| Flare | 1 | |
28 total
» buildings
| Altar of Kings | 1 | |
| Farm | 24 | |
| Arcane Vault | 3 | |
| Scout Tower | 139 | |
| Lumber Mill | 2 | |
| Arcane Tower | 10 | |
| Guard Tower | 52 | |
| Town Hall | 4 | |
| Keep | 4 | |
| Blacksmith | 2 | |
| Gryphon Aviary | 11 | |
| Arcane Sanctum | 2 | |
| Castle | 2 | |
| Barracks | 1 | |
| Workshop | 2 | |
| Cannon Tower | 1 | |
260 total
» build order
00:04 Altar of Kings
00:26 Farm
00:27 Farm
00:44 Arcane Vault
00:56 Scout Tower
01:07 Lumber Mill
01:53 Arcane Tower
01:57 Farm
03:13 Scout Tower
03:14 Scout Tower
03:19 Scout Tower
03:19 Scout Tower
03:20 Scout Tower
03:39 Scout Tower
03:41 Scout Tower
03:42 Arcane Tower
03:44 Guard Tower
04:06 Guard Tower
04:21 Guard Tower
04:23 Scout Tower
04:23 Scout Tower
04:34 Guard Tower
04:39 Scout Tower
04:40 Scout Tower
04:40 Scout Tower
04:57 Guard Tower
05:00 Guard Tower
05:42 Town Hall
06:59 Guard Tower
07:03 Scout Tower
07:03 Scout Tower
07:04 Scout Tower
07:05 Scout Tower
07:06 Scout Tower
07:20 Keep
07:20 Keep
08:58 Guard Tower
09:01 Farm
09:08 Blacksmith
09:08 Blacksmith
09:11 Farm
09:11 Farm
09:19 Scout Tower
09:20 Scout Tower
09:21 Scout Tower
09:21 Scout Tower
09:22 Scout Tower
09:22 Scout Tower
09:24 Arcane Tower
09:28 Scout Tower
09:29 Scout Tower
09:30 Scout Tower
09:32 Scout Tower
09:32 Scout Tower
10:03 Guard Tower
10:13 Gryphon Aviary
10:13 Gryphon Aviary
10:18 Gryphon Aviary
10:22 Guard Tower
10:25 Gryphon Aviary
10:36 Scout Tower
10:38 Scout Tower
10:38 Scout Tower
11:03 Guard Tower
11:13 Arcane Tower
11:18 Arcane Sanctum
12:23 Scout Tower
12:24 Castle
12:25 Scout Tower
12:26 Scout Tower
12:30 Guard Tower
12:32 Guard Tower
12:32 Guard Tower
12:32 Guard Tower
13:06 Guard Tower
13:16 Guard Tower
13:35 Guard Tower
16:07 Scout Tower
16:07 Scout Tower
16:07 Scout Tower
16:09 Scout Tower
16:10 Scout Tower
16:53 Guard Tower
17:05 Guard Tower
17:17 Barracks
17:28 Arcane Tower
17:44 Guard Tower
18:16 Scout Tower
18:16 Scout Tower
18:17 Scout Tower
18:18 Scout Tower
18:22 Scout Tower
18:22 Scout Tower
18:24 Scout Tower
18:25 Scout Tower
18:26 Scout Tower
22:11 Arcane Tower
22:11 Guard Tower
22:18 Farm
22:20 Farm
23:11 Lumber Mill
23:13 Scout Tower
23:15 Scout Tower
23:16 Scout Tower
23:17 Scout Tower
23:19 Scout Tower
23:19 Scout Tower
23:20 Scout Tower
23:21 Scout Tower
23:23 Scout Tower
23:24 Scout Tower
23:24 Scout Tower
23:25 Scout Tower
23:26 Scout Tower
23:27 Scout Tower
23:35 Scout Tower
23:36 Scout Tower
23:37 Scout Tower
23:37 Scout Tower
23:53 Guard Tower
24:16 Guard Tower
24:35 Guard Tower
24:39 Town Hall
25:08 Guard Tower
25:11 Scout Tower
25:13 Scout Tower
25:14 Scout Tower
25:15 Scout Tower
25:19 Scout Tower
25:20 Scout Tower
25:21 Scout Tower
25:21 Scout Tower
25:22 Guard Tower
25:50 Guard Tower
25:53 Scout Tower
25:54 Scout Tower
25:56 Arcane Tower
26:06 Guard Tower
26:11 Scout Tower
26:12 Scout Tower
26:13 Scout Tower
26:51 Guard Tower
26:56 Guard Tower
27:07 Scout Tower
27:08 Scout Tower
27:09 Scout Tower
27:09 Scout Tower
27:10 Scout Tower
27:11 Scout Tower
27:54 Keep
27:59 Guard Tower
28:02 Scout Tower
28:02 Scout Tower
28:03 Scout Tower
28:22 Town Hall
28:33 Scout Tower
28:34 Scout Tower
28:35 Scout Tower
28:36 Scout Tower
28:36 Scout Tower
28:37 Scout Tower
28:38 Scout Tower
28:38 Scout Tower
28:39 Scout Tower
28:39 Scout Tower
28:39 Scout Tower
28:40 Scout Tower
28:40 Scout Tower
29:05 Guard Tower
29:09 Guard Tower
29:23 Guard Tower
29:26 Workshop
29:44 Guard Tower
29:48 Town Hall
29:50 Guard Tower
30:17 Guard Tower
30:20 Castle
30:25 Scout Tower
30:26 Scout Tower
30:27 Scout Tower
30:27 Scout Tower
32:58 Arcane Tower
32:59 Cannon Tower
33:00 Guard Tower
34:31 Guard Tower
34:37 Scout Tower
34:39 Scout Tower
34:40 Scout Tower
34:41 Scout Tower
34:47 Scout Tower
34:48 Scout Tower
34:48 Scout Tower
37:01 Guard Tower
37:05 Scout Tower
37:07 Scout Tower
37:09 Scout Tower
37:10 Scout Tower
37:11 Scout Tower
37:12 Scout Tower
37:15 Scout Tower
37:16 Scout Tower
37:17 Scout Tower
40:29 Guard Tower
41:41 Guard Tower
41:44 Guard Tower
42:28 Scout Tower
42:29 Scout Tower
42:33 Scout Tower
42:34 Scout Tower
42:36 Scout Tower
42:37 Scout Tower
42:43 Arcane Vault
42:46 Guard Tower
42:48 Scout Tower
43:20 Guard Tower
43:26 Farm
43:27 Farm
43:28 Farm
43:29 Farm
43:30 Farm
43:32 Farm
43:33 Farm
43:44 Arcane Tower
43:44 Arcane Tower
43:45 Guard Tower
46:34 Gryphon Aviary
46:35 Gryphon Aviary
46:45 Gryphon Aviary
46:48 Gryphon Aviary
46:49 Gryphon Aviary
47:00 Arcane Sanctum
47:08 Arcane Vault
48:02 Workshop
51:23 Farm
51:23 Farm
51:24 Farm
51:25 Farm
51:26 Farm
51:36 Farm
51:36 Farm
51:37 Farm
51:38 Farm
53:27 Scout Tower
53:27 Scout Tower
53:28 Scout Tower
53:31 Scout Tower
53:32 Scout Tower
53:36 Scout Tower
53:36 Scout Tower
53:38 Scout Tower
53:39 Scout Tower
53:40 Scout Tower
54:27 Guard Tower
54:36 Guard Tower
55:04 Guard Tower
62:17 Guard Tower
» items
| Scroll of Regeneration | 12 | |
| Mechanical Critter | 4 | |
| Lesser Clarity Potion | 3 | |
| Scroll of Town Portal | 6 | |
| Potion of Mana | 2 | |
| Potion of Healing | 5 | |
| Periapt of Vitality | 3 | |
| Potion of Lesser Invulnerability | 1 | |
| Scroll of Healing | 2 | |
| Boots of Speed | 3 | |
| Potion of Invisibility | 1 | |
| Staff of Teleportation | 4 | |
| Staff of Sanctuary | 2 | |
| Orb of Fire | 1 | |
| Ivory Tower | 1 | |
50 total
team 2 (loser)
mazexx (
green | 16 APM | 1537 actions | 93:10)
5 Keeper of the Grove
3 Force of Nature
1 Entangling Roots
1 Thorns Aura
3 Demon Hunter
2 Immolation
1 Evasion
» actions
| Assign group hotkey | 38 | |
| Build / train | 177 | |
| Enter build submenu | 61 | |
| Enter hero's abilities submenu | 8 | |
| Give item / drop item | 2 | |
| Right click | 305 | |
| Select / deselect | 552 | |
| Select group hotkey | 253 | |
| Use ability | 141 | |
1537 total
» units
| Wisp | 50 | |
| Archer | 55 | |
| Huntress | 18 | |
| Dryad | 15 | |
| Druid of the Claw | 5 | |
143 total
» upgrades
| Strength of the Moon | 3 | |
| Improved Bows | 1 | |
| Moon Armor | 3 | |
| Strength of the Wild | 3 | |
| Druid of the Claw Training | 2 | |
| Reinforced Hides | 2 | |
| Well Spring | 1 | |
| Marksmanship | 1 | |
16 total
» buildings
| Moon Well | 14 | |
| Altar of Elders | 1 | |
| Ancient of War | 4 | |
| Hunter's Hall | 2 | |
| Tree of Ages | 1 | |
| Ancient of Lore | 1 | |
| Ancient Protector | 25 | |
| Tree of Life | 7 | |
| Tree of Eternity | 1 | |
56 total
» build order
00:10 Moon Well
00:14 Altar of Elders
00:23 Ancient of War
02:00 Moon Well
02:38 Hunter's Hall
03:08 Tree of Ages
03:38 Ancient of War
05:20 Moon Well
05:25 Moon Well
09:01 Ancient of Lore
09:18 Moon Well
09:37 Moon Well
11:11 Ancient Protector
12:44 Moon Well
13:11 Tree of Life
13:55 Ancient Protector
17:08 Ancient Protector
18:32 Tree of Life
25:42 Tree of Life
26:01 Ancient Protector
27:04 Tree of Life
27:28 Ancient Protector
28:51 Ancient Protector
30:08 Tree of Eternity
32:00 Moon Well
32:06 Moon Well
32:20 Moon Well
34:44 Moon Well
35:01 Moon Well
35:16 Moon Well
36:19 Ancient Protector
37:26 Ancient Protector
38:16 Ancient Protector
38:56 Moon Well
40:17 Ancient Protector
41:13 Tree of Life
47:45 Tree of Life
49:42 Ancient Protector
50:23 Ancient Protector
50:49 Ancient Protector
62:01 Hunter's Hall
63:12 Ancient Protector
63:41 Ancient Protector
64:36 Ancient Protector
68:53 Ancient Protector
69:30 Ancient Protector
70:58 Ancient Protector
71:12 Ancient of War
71:40 Ancient Protector
71:45 Ancient Protector
84:10 Ancient Protector
84:16 Ancient Protector
84:59 Ancient Protector
85:57 Ancient Protector
90:50 Tree of Life
91:08 Ancient of War
Chat log
(29:23 / All) mazexx: bring it
(29:36 / All) mazexx: you got the upper hand
(29:39 / All) deadbabies.biz: ¿què?
(29:44 / All) mazexx: lol
(51:49 / All) mazexx: ass
(64:40 / All) mazexx: gg
(64:43 / All) deadbabies.biz: lol
(64:59 / All) mazexx: NOT
(65:10 / All) mazexx: boring
(65:15 / All) deadbabies.biz: no entiendo
(65:15 / All) mazexx: ima give it to ya
(65:29 / All) mazexx: your extremly lame
(65:32 / All) deadbabies.biz: ¿què es ragequit?
(65:42 / All) mazexx: prolly the worst game ive had
(65:50 / All) deadbabies.biz: :'(
(65:54 / All) mazexx: shup up with the spamish shit
(65:57 / All) mazexx: spanish
(66:16 / All) deadbabies.biz: aw but you seemed to be enjoying it :)
(66:27 / All) mazexx: negitive
(66:31 / All) deadbabies.biz: negative
(66:37 / All) deadbabies.biz: holy shit kid can't you write english
(66:42 / All) mazexx: lmao
(66:49 / All) mazexx: i mispelled one word
(66:50 / All) mazexx: damn
(66:52 / All) mazexx: shoot me
(66:57 / All) deadbabies.biz: like 5 in the past 5 lines actually
(67:04 / All) mazexx: lmao no.
(67:06 / All) deadbabies.biz: enough to make it difficult to understand what you mean
(67:10 / All) mazexx: haha
(67:18 / All) deadbabies.biz: well enjoy your community college
(67:22 / All) deadbabies.biz: ragequit in 5
(67:23 / All) deadbabies.biz: 4
(67:24 / All) deadbabies.biz: 3
(67:24 / All) deadbabies.biz: 2
(67:25 / All) deadbabies.biz: 1
(67:30 / All) deadbabies.biz: still here?
(67:41 / All) mazexx: well why dont you go and be a damn english teather then
(67:46 / All) deadbabies.biz: teacher
(67:50 / All) mazexx: lmao
(67:51 / All) deadbabies.biz: dont get mad
(67:54 / All) mazexx: tht was a typo
(68:00 / All) mazexx: dumbo
(68:02 / All) mazexx: hahaha
(68:16 / All) deadbabies.biz: its only a game you shouldnt get so upset over it :)
(68:17 / All) mazexx: wht is your favorite class to play with?
(68:54 / All) deadbabies.biz: you said you were leavin
(68:56 / All) deadbabies.biz: change your mind?
(68:59 / All) mazexx: i was jk
(69:04 / All) deadbabies.biz: backpedaling
(69:05 / All) deadbabies.biz: nice
(69:06 / All) mazexx: 111
(70:16 / All) mazexx: wht is your favorite class
(73:49 / All) deadbabies.biz: it WAS a good idea to keep clustering your units right there
(74:05 / All) mazexx: lol i can still hit you
(74:14 / All) deadbabies.biz: yeah thanks for the free exp
(74:26 / All) mazexx: how long have you been playing this game
(74:31 / All) mazexx: thx for the gold too
(74:31 / All) deadbabies.biz: bout an hour
(74:42 / All) deadbabies.biz: well i didnt wanna make you leave TOO soon :)
(74:43 / All) mazexx: about**
(74:46 / All) mazexx: go to school
(74:51 / All) mazexx: lol
(74:55 / All) deadbabies.biz: actually bout is a contraction in webster's
(74:58 / All) deadbabies.biz: but nice try
(75:04 / All) mazexx: nope
(75:08 / All) deadbabies.biz: i didnt realize correcting your grammar upset you so much
(75:17 / All) mazexx: haha
(75:29 / All) mazexx: anway whats your favorite class
(75:36 / All) mazexx: seem to be good with humans
(76:17 / All) mazexx: ima drop you
(76:21 / All) deadbabies.biz: lol
(76:23 / All) mazexx: only ten secs left haha
(76:26 / All) mazexx: keep laggin
(76:36 / All) mazexx: lagg again
(76:38 / All) mazexx: lol
(76:39 / All) deadbabies.biz: dropping is like leaving
(76:48 / All) deadbabies.biz: only you get the win which is good if youre a virgin who cares about records
(76:49 / All) mazexx: nope i get the win
(76:49 / All) deadbabies.biz: :)
(76:52 / All) deadbabies.biz: oh ok
(77:02 / All) deadbabies.biz: so you're a virgin who cares about records
(77:03 / All) deadbabies.biz: got it
(77:07 / All) mazexx: my record is 76% atm
(77:17 / All) deadbabies.biz: and you're still horrible
(77:28 / All) mazexx: prolly going to be 75% after this one lol
(77:32 / All) mazexx: dont get mad
(77:38 / All) deadbabies.biz: mad that you just said you'd lose?
(77:43 / All) mazexx: im trying to chat with ya lol
(77:52 / All) deadbabies.biz: i know it makes this fun :)
(78:27 / All) mazexx: come over
(78:36 / All) deadbabies.biz: kk
(78:58 / All) mazexx: 8========8
(79:15 / All) mazexx: NOOOOO
(79:17 / All) mazexx: lol
(79:24 / All) mazexx: cool birdie
(79:40 / All) deadbabies.biz: you should know you gave him to me :)
(79:50 / All) mazexx: yup
(79:56 / All) deadbabies.biz: thanks for not detting a single wisp
(80:06 / All) mazexx: np
(80:07 / All) deadbabies.biz: pro skillz
(80:11 / All) mazexx: whats the point
(80:16 / All) mazexx: your not coming anyway
(80:17 / All) deadbabies.biz: whats the point in staying
(80:23 / All) mazexx: chatting
(80:24 / All) mazexx: lol
(80:31 / All) deadbabies.biz: so lonely....
(80:34 / All) deadbabies.biz: oh so lonely....
(80:35 / All) mazexx: i am
(80:58 / All) mazexx: no actually waiting to go pick my bro up from work where i can catch some Zzz
(81:48 / All) deadbabies.biz: wow you were actually trying in that fight
(81:50 / All) deadbabies.biz: lol
(81:57 / All) mazexx: lmao
(82:04 / All) mazexx: i knew you were going to run haha
(82:14 / All) mazexx: your to scard of my towers
(82:19 / All) deadbabies.biz: its just funny how you werent afk yet you still let me tp out
(82:32 / All) deadbabies.biz: speaking of which ive let you have the entire map
(82:35 / All) deadbabies.biz: why didnt you win?
(83:04 / All) mazexx: idk you are just to good
(83:09 / All) deadbabies.biz: well other than that
(83:28 / All) mazexx: you ever tried dick before
(83:36 / All) deadbabies.biz: offering?
(83:47 / All) mazexx: 8=====9
(86:24 / All) mazexx: wth
(86:34 / All) mazexx: whers your stuff on the islands?
(86:45 / All) deadbabies.biz: you didnt know human buildings could uproot?
(86:55 / All) mazexx: lmao
(87:01 / All) mazexx: you destroyed your own
(87:54 / All) deadbabies.biz: ez
(87:59 / All) mazexx: haha
(88:40 / All) mazexx: alright
(88:41 / All) mazexx: gg
(88:43 / All) deadbabies.biz: lol
(88:44 / All) mazexx: love you
(88:44 / All) deadbabies.biz: not realy
(88:51 / All) deadbabies.biz: rrrrrrrrragequit time
(88:57 / All) mazexx: haha
(89:14 / All) mazexx: since you won i will give you a rim job
(89:21 / All) mazexx: lmao!!!
(89:21 / All) deadbabies.biz: bout time
(89:22 / All) deadbabies.biz: *about
(89:31 / All) mazexx: i just made myself laugh out loud
(89:38 / All) mazexx: you prolly dont even kno wht tht is
(89:55 / All) deadbabies.biz: which is a stain upon my soul
(91:50 / All) mazexx: haha good try
(91:55 / All) deadbabies.biz: ?
(91:56 / All) mazexx: fooled ya
(92:06 / All) mazexx: got a huge base BITCH
(92:09 / All) mazexx: lol
(92:10 / All) mazexx: jk
(92:12 / All) mazexx: but rly
(92:18 / All) deadbabies.biz: you know i left 1 tower alive right?
(92:19 / All) mazexx: lets do this
(92:48 / All) mazexx: no i seen more
(92:54 / All) mazexx: omw